 Dungeon Crawl Stone Soup version 0.28.0-53-g5a82cb258f (webtiles) character file.

Game seed: 9850838224871862391

383 mrburnz the Cudgeller (level 6, 0/57 HPs)
             Began as a Minotaur Berserker on May 21, 2022.
             Was a Believer of Trog.
             Slain by an orc wizard
             ... wielding a +0 dagger
              (1 damage)
             ... on level 6 of the Dungeon on May 22, 2022.
             The game lasted 00:09:50 (3364 turns).

mrburnz the Cudgeller (Minotaur Berserker)          Turns: 3364, Time: 00:09:53

Health: 0/57       AC: 11    Str: 24    XL:     6   Next: 47%
Magic:  5/5        EV:  7    Int:  4    God:    Trog [**....]
Gold:   168        SH:  0    Dex:  9    Spells: 5/5 levels left

rFire   . . .      SeeInvis .   a - +0 mace
rCold   . . .      Faith    .   (no shield)
rNeg    . . .      Spirit   .   h - +0 plate armour
rPois   .          Reflect  .   (helmet restricted)
rElec   .          Harm     .   (no cloak)
rCorr   .          Rampage  .   (no gloves)
Will    .....                   (no boots)
Stlth   ..........              (no amulet)
HPRegen 0.19/turn               (no ring)
MPRegen 0.09/turn               (no ring)

@: confused, lethally poisoned (0 -> -13), on berserk cooldown, flying, slowed,
very slow
A: horns 2, retaliatory headbutt
a: Renounce Religion, Berserk, Trog's Hand


You were on level 6 of the Dungeon.
You worshipped Trog.
Trog was pleased with you.
You visited 1 branch of the dungeon, and saw 4 of its levels.

You collected 168 gold pieces.

Inventory:

Hand Weapons
 a - a +0 mace (weapon)
Armour
 h - a +0 plate armour (worn)
Jewellery
 g - a ring of ice
Scrolls
 b - 2 scrolls of magic mapping
 d - a scroll of brand weapon {unknown}
 e - a scroll of silence {unknown}
 i - a scroll of holy word {unknown}
 k - a scroll of teleportation {unknown}
 l - a scroll of enchant weapon {unknown}
 m - a scroll of identify {unknown}
Potions
 f - a potion of degeneration {unknown}
 j - a potion of heal wounds {unknown}


   Skills:
 + Level 6.1 Fighting
 + Level 7.2 Maces & Flails
 - Level 2.5 Armour
 - Level 2.2 Dodging
 - Level 0.1 Stealth


You had 5 spell levels left.
You didn't know any spells.
Your spell library was empty.

Dungeon Overview and Level Annotations

Branches:
Dungeon (3/15)

Altars:

Shops:
D:2 =


Innate Abilities, Weirdness & Mutations

You have a pair of horns on your head.
You reflexively headbutt those who attack you in melee.


Message History

You feel very sick. Something hits you but does no damage.
You barely miss something. You headbutt something.
You feel sick. Something hits you.
You are more poisoned.
You hit something. Your headbutt misses something.
You feel very sick. Something hits you but does no damage.
You hear some strange, mumbled words.
Something tries to affect you, but you resist.
You closely miss something. Your headbutt misses something.
You feel very sick.
You hear some strange, mumbled words.
You are confused.
You miss something.
You feel very sick.
You hear some strange, mumbled words.
Something tries to affect you, but you resist.
Something hits you but does no damage.
You feel sick.
You miss something.
You feel sick. Something hits you but does no damage.
You closely miss something. Your headbutt misses something.
You are no longer berserk.
You are exhausted.
You feel yourself slow down.
You feel sick.
Something hits you but does no damage. x2
You miss something. Your headbutt misses something.
You feel very sick. Something hits you.
* * * LOW HITPOINT WARNING * * *
You are lethally poisoned!
Something hits you but does no damage. x2
You are more poisoned.
* * * LOW HITPOINT WARNING * * *
You feel extremely sick.
An orc wizard appears from thin air!
Reactivating autopickup.
The orc wizard hits you but does no damage.
The orc wizard hits you with a +0 dagger.
You die...

....#............#
....#.......##...#
....+.......##...#
##..##..##..'....#
# ..######..#....#
# .# .....##...# #
#......###'###
#............#
#......<..o@##
#......##)).#
#..##..####'# #
#..........
+..........
#..........
##..##..#.. #..#
..# # .... ..


You could see an orc wizard.

Vanquished Creatures
  2 bullfrogs (D:6)
  A hound (D:6)
  An orc priest (D:6)
  A centaur skeleton (D:6)
  Jessica (D:2)
  2 orc wizards (D:6)
  A gnoll (D:1)
  2 adders (D:2)
  A worm (D:2)
  3 dart slugs
  4 ball pythons
  3 endoplasms
  2 giant cockroaches
  6 goblins
  6 hobgoblins
  8 jackals
  6 bats
  3 frilled lizards (D:2)
  5 kobolds
  3 rats
61 creatures vanquished.

Vanquished Creatures (others)
  2 fungi (D:2)
  7 plants (D:2)
9 creatures vanquished.

Grand Total: 70 creatures vanquished

Notes
Turn   | Place    | Note
-------+----------+-------------------------------------------
     0 | D:1      | mrburnz the Minotaur Berserker began the quest for the Orb.
     0 | D:1      | Reached XP level 1. HP: 19/19 MP: 0/0
    47 | D:1      | HP: 1/20 [dart slug/slug dart (4)]
    54 | D:1      | Reached skill level 4 in Maces & Flails
   471 | D:1      | Reached XP level 2. HP: 23/27 MP: 1/1
  1071 | D:1      | Reached XP level 3. HP: 30/33 MP: 2/2
  1662 | D:2      | Found Iciblem's Jewellery Emporium.
  1707 | D:2      | Reached ** piety under Trog
  2096 | D:2      | Found a faded altar of an unknown god.
  2116 | D:2      | Noticed Jessica
  2120 | D:2      | Reached skill level 5 in Maces & Flails
  2120 | D:2      | Reached XP level 4. HP: 41/41 MP: 3/3
  2125 | D:2      | Killed Jessica
  2126 | D:2      | Reached skill level 5 in Fighting
  3022 | D:3      | You fall into a shaft and drop 3 floors!
  3031 | D:6      | Reached XP level 5. HP: 47/48 MP: 4/4
  3080 | D:6      | Reached skill level 6 in Maces & Flails
  3233 | D:6      | Reached XP level 6. HP: 40/57 MP: 5/5
  3348 | D:6      | Reached skill level 7 in Maces & Flails
  3364 | D:6      | HP: 1/57 [poisoned by an orc wizard]
  3364 | D:6      | Slain by an orc wizard

Illustrated notes

Levels and vault maps discovered:
D:1:      lightli_arrival_isolated_outpost, layout_basic
D:2:      layout_basic, serial_shops, nicolae_square_shop,
          shapermc_ecumenical_altar_mp_ritualfount, minmay_tall_x, uniq_jessica
D:3:      layout_loops_ring
D:6:      layout_gridville, eat_drink_and_be_merry_uskayaw,
          minmay_temple_entry_waves, uniq_eustachio

Skill      XL: |  1  2  3  4  5  6 |
---------------+-------------------+-----
Maces & Flails | 4 5 6 7 |  7.2
Fighting       | 4 5 6 |  6.1
Armour         | |  2.5
Dodging        | |  2.2
Stealth        | |  0.1

Action                   |  1- 3 |  4- 6 || total
-------------------------+-------+-------++-------
Melee: Mace              |    75 |    67 ||   142
       Headbutt          |     8 |    11 ||    19
       Punch             |     1 |       ||     1
Invok: Berserk           |     1 |     1 ||     2
  Use: Scroll            |     1 |       ||     1
       Potion            |       |     1 ||     1
 Stab: Sleeping          |     1 |       ||     1
Armor: Animal skin       |    18 |       ||    18
       Plate armour      |    42 |    53 ||    95
Dodge: Dodged            |    77 |    34 ||   111
